 Dungeon Crawl Stone Soup version 0.28-a0-32-g8dfe7f97f6 (webtiles) character file.

Game seed: 17370101210996580575

18320 Spaninq the Thaumaturge (level 12, -1/88 HPs)
             Began as a Djinni Fire Elementalist on July 27, 2021.
             Was an Elder of Ashenzari.
             Slain by an orc (6 damage)
             ... led by an orc warlord
             ... on level 1 of the Orcish Mines.
             The game lasted 00:54:38 (18440 turns).

Spaninq the Thaumaturge (Djinni Fire Elementalist) Turns: 18440, Time: 00:54:39

Health: -1/88      AC:  6    Str:  7    XL:     12   Next: 93%
Gold:   1586       EV: 14    Int: 23    God:    Ashenzari [****..] SH:  0 Dex: 13

rFire   + + +      SeeInvis +   C - +1 demon blade (freeze)
rCold   x . .      Faith    .   (no shield)
rNeg    . . .      Spirit   .   a - +0 robe of Cremastomancy {Melee, Cun} (curse)
rPois   ∞          Reflect  .   g - +0 helmet of Supernal Knowledge {Range, Melee} (curse)
rElec   .          Harm     .   k - +0 cloak "Eternal With Me" {Range, Fort} (curse)
rCorr   .          Rampage  .   w - +0 pair of gloves of the Stellar Augur {Evo, Range} (curse)
Will    ++...      Clarity  +   (boots unavailable)
Stlth   ++........              (no amulet)
HPRegen 0.24/turn               q - ring "Omen of the Sky" {Will+, Melee, Self} (curse)
MPRegen 0.00/turn               j - ring "Pantheism of Ashenzari" {rF+, Melee, Fort} (curse)

@: flying
A: sickness immunity, fire resistance 2, cold vulnerability 1, float, innate
caster, hp casting, extra vitality 1
a: Renounce Religion, Shatter the Chains


You were on level 1 of the Orcish Mines.
You worshipped Ashenzari.
Ashenzari was greatly pleased with you.
You visited 3 branches of the dungeon, and saw 13 of its levels.
You also visited: Volcano.

You collected 1706 gold pieces.
You spent 120 gold pieces at shops.

Inventory:

Hand Weapons
 v - a +2 long sword of flaming
 C - a +1 demon blade of freezing (weapon)
 I - a +1 great sword of flaming
Missiles
 h - 494 stones
 t - a throwing net
Armour
 a - the cursed +0 robe of Cremastomancy (worn) {Melee, Cun}

   It has a curse which improves the following skills: Melee Combat: Short
   Blades, Long Blades, Axes, Maces & Flails, Polearms, Staves and Unarmed
   Combat.
   Cunning:   Dodging and Stealth.
 g - the cursed +0 helmet of Supernal Knowledge (worn) {Range, Melee}
   (You took it off Robin on level 1 of the Dungeon)

   It has a curse which improves the following skills: Ranged Combat: Slings,
   Bows, Crossbows and Throwing.
   Melee Combat: Short Blades, Long Blades, Axes, Maces & Flails, Polearms,
   Staves and Unarmed Combat.
 i - a +1 pair of gloves
 k - the cursed +0 cloak "Eternal With Me" (worn) {Range, Fort}
   (You took it off Crazy Yiuf on level 2 of the Dungeon)

   It has a curse which improves the following skills: Ranged Combat: Slings,
   Bows, Crossbows and Throwing.
   Fortitude: Armour and Shields.
 m - a +1 robe of fire resistance
 s - a +0 kite shield
 w - the cursed +0 pair of gloves of the Stellar Augur (worn) {Evo, Range}
   (You found it on level 4 of the Dungeon)

   It has a curse which improves the following skills: Evocations: Evocations.
   Ranged Combat: Slings, Bows, Crossbows and Throwing.
 z - the +0 pair of gloves of the Solstice {+Blink Slay+4}
   (You found it on level 8 of the Dungeon)

   Slay:      It affects your accuracy & damage with ranged weapons and melee
   (+4).
   +Blink:    It lets you blink.
 G - a +0 cloak
 H - a +2 leather armour of fire resistance
Jewellery
 j - the cursed ring "Pantheism of Ashenzari" (right hand) {rF+, Melee, Fort}
   (You took it off an orc wizard on level 9 of the Dungeon)

   [ring of protection from fire]

   rF:        It protects you from fire.
   It has a curse which improves the following skills: Melee Combat: Short
   Blades, Long Blades, Axes, Maces & Flails, Polearms, Staves and Unarmed
   Combat.
   Fortitude: Armour and Shields.
 q - the cursed ring "Omen of the Sky" (left hand) {Will+, Melee, Self}
   (You bought it in a shop on level 6 of the Dungeon)

   [ring of willpower]

   Will:      It increases your willpower.
   It has a curse which improves the following skills: Melee Combat: Short
   Blades, Long Blades, Axes, Maces & Flails, Polearms, Staves and Unarmed
   Combat.
   Introspection: Fighting and Spellcasting.
Wands
 l - a wand of charming (10)
 o - a wand of polymorph (18)
 p - a wand of acid (14)
 x - a wand of digging (6)
 y - a wand of iceblast (12)
 B - a wand of paralysis (10)
Scrolls
 c - 3 scrolls of magic mapping
 e - 13 scrolls of identify
 u - 2 scrolls of holy word
 A - a scroll of fear
 D - a scroll of enchant armour
Potions
 b - 2 potions of heal wounds
 d - 4 potions of curing
 f - 3 potions of haste
 n - a potion of resistance
 E - a potion of might
 J - a potion of mutation
Miscellaneous
 F - a phantom mirror


   Skills:
 + Level 6.0(8.3) Fighting
 * Level 8.1(13.4) Long Blades
 + Level 2.6(5.4) Armour
 + Level 3.7(5.8) Dodging
 - Level 1.5(3.1) Stealth
 + Level 2.6(5.5) Shields
 + Level 12.7(14.7) Spellcasting


You had 10 spell levels left.
You knew the following spells:

 Your Spells              Type           Power      Damage    Failure   Level
a - Foxfire               Conj/Fire      100%       2x1d9     0%          1
b - Conjure Flame         Conj/Fire      71%        6-21      1%          3
c - Inner Flame           Hex/Fire       71%        N/A       1%          3
d - Sticky Flame          Conj/Fire      71%        2d8       1%          4
e - Fireball              Conj/Fire      35%        3d15      1%          5
f - Sandblast             Erth           100%       2d20      0%          1
g - Slow                  Hex            71%        N/A       0%          2
h - Dazzling Flash        Conj/Hex       100%       N/A       1%          3
i - Mephitic Cloud        Conj/Pois/Air  71%        N/A       1%          3
j - Irradiate             Conj/Tmut      35%        3d25      1%          5
Your spell library was empty.

Dungeon Overview and Level Annotations

Branches:
Dungeon (11/15)            Temple (1/1) D:4             Orc (1/2) D:10
Volcano (visited)
   Lair: D:8-11

Altars:
Ashenzari
Cheibriados
Dithmenos
Elyvilon
Gozag
Makhleb
Nemelex Xobeh
Okawaru
Qazlal
Trog
The Shining One
Beogh

Shops:
D:6 *

Annotations:
D:4 3 runed translucent doors, Nausicaa's ghost, amateur MiBe


Innate Abilities, Weirdness & Mutations

You are immune to sickness and miasma.
You are immune to poison.
Your flesh is very heat resistant. (rF++)
You are vulnerable to cold. (rC-)
You float through the air rather than walking.
You learn spells naturally, not from books.
Your magical power is your life essence.
You have superior vitality. (+4 HP)


Message History

* * * LOW HITPOINT WARNING * * *
You hear a shout!
The orc warrior no longer looks unusually strong.
The orc warlord roars a battlecry!
The orc warrior goes into a battle-frenzy!
The orc no longer looks unusually strong.
The orc warlord roars a battlecry!
The orc goes into a battle-frenzy!
Casting: Fireball (mildly dangerous; 1% risk of failure)
Confirm with . or Enter, or press ? or * to list all spells.
Aiming: Fireball (mildly dangerous; 1% risk of failure)
Press: ? - help, Shift-Dir - straight line, f - orc warrior, p - orc warlord
Aim: an orc warrior, wielding a +0 short sword and wearing a +0 plate armour (heavily wounded, strong)
The fireball explodes!
The fireball engulfs the orc warrior!!
You kill the orc warrior!
* * * LOW HITPOINT WARNING * * *
The orc warrior no longer looks unusually strong.
The orc warlord roars a battlecry!
The orc warrior goes into a battle-frenzy!
An orc comes into view. It is wielding a +0 whip.
An orc comes into view. It is wielding a +0 whip.
The orc no longer looks unusually strong. x2
The orc warlord roars a battlecry!
The orc goes into a battle-frenzy!
The orc warlord roars a battlecry!
The orcs go into a battle-frenzy!
The orc warrior no longer looks unusually strong.
The orc closely misses you.
The orc warlord roars a battlecry!
The orc warrior goes into a battle-frenzy!
The orc hits you with a +0 whip.
* * * LOW HITPOINT WARNING * * *
The orc hits you with a +0 whip.
* * * LOW HITPOINT WARNING * * *
The orc no longer looks unusually strong.
The orc warlord roars a battlecry!
The orc goes into a battle-frenzy!
The orc closely misses you.
You riposte.
You barely miss the orc. The orc hits you with a +0 whip.
You die...

.............................)#.#
........................)........
...........................#..#..
...................)[[...#....###
......).....o......[[[..#....####
....##...##.[..o....))...#.###
...##.....##....o..[.)..####
...##.###.##...oo.....### **
...##..≈..##..).@.....## *,
....##.≈.###...[.[[....# **
...##..≈.###......)...## **,
...#..≈≈.###......[..## *≈≈
...#..≈..###........[## *,*
..##..§..####.....)[..# **,
.###..≈≈.## ##.#......#### ** ##
##§.§.## ###.....[###.## **** #
#..≈.## ###.....[##...# *,,,


You could see an orc warlord, an orc warrior (strong) and 3 orcs.

Vanquished Creatures
  An orc warlord (Orc:1)
  Harold (D:7)
  2 two-headed ogres
  A sun demon (Volcano)
  An orc knight (Orc:1)
  A lindwurm (Orc:1)
  A wolf spider (shapeshifter) (D:9)
  2 ugly things
  3 orc sorcerers
  A molten gargoyle (Volcano)
  2 gargoyles
  A red devil (Volcano)
  2 trolls (Orc:1)
  A hornet (D:8)
  Sigmund (D:6)
  A wyvern (D:8)
  A wraith (D:9)
  9 yaks
  A vampire (D:9)
  A steam dragon (D:9)
  5 humans (D:7)
  2 fire bats (Volcano)
  2 wargs (Orc:1)
  3 vampire mosquitoes (D:8)
  3 acid dragons
  2 floating eyes (D:9)
  2 water moccasins
  2 hell hounds (Volcano)
  14 orc warriors
  A sky beast (D:7)
  3 ogres
  A necrophage (D:6)
  2 centaurs (D:9)
  2 phantoms
  A wyvern zombie (D:8)
  2 kobold brigands
  7 bullfrogs
  A gnoll sergeant (D:9)
  A scorpion (D:4)
  A hornet simulacrum (D:10)
  4 killer bees (D:9)
  3 howler monkeys (D:9)
  3 centaur zombies
  2 hounds (D:6)
  6 lava snakes (Volcano)
  3 jellies
  A bullfrog zombie (D:3)
  A gnoll shaman (D:8)
  8 orc priests
  Crazy Yiuf (D:2)
  Ijyb (D:3)
  A bullfrog skeleton (D:5)
  27 orc wizards
  6 iguanas
  3 killer bee zombies
  A howler monkey zombie (D:9)
  Robin (D:1)
  5 gnolls (D:8)
  A howler monkey skeleton (D:7)
  7 adders
  2 shadow imps (D:7)
  2 ufetubi
  An adder skeleton (D:5)
  2 worms
  3 dart slugs
  49 orcs
  5 ball pythons
  6 endoplasms
  A giant cockroach (D:3)
  17 goblins
  8 hobgoblins
  2 jackals (D:1)
  5 quokkas
  5 bats
  4 frilled lizards
  15 kobolds
  6 rats
  2 butterflies (D:4)
311 creatures vanquished.

Vanquished Creatures (others)
  552 foxfires
552 creatures vanquished.

Grand Total: 863 creatures vanquished

Notes
Turn   | Place    | Note
-------+----------+-------------------------------------------
     0 | D:1      | Spaninq the Djinni Fire Elementalist began the quest for
                  | the Orb.
     0 | D:1      | Reached XP level 1. HP: 15/15 MP: 0/0
   431 | D:1      | Reached XP level 2. HP: 18/21 MP: 0/0
   706 | D:1      | Reached skill level 3 in Spellcasting
   970 | D:1      | Reached XP level 3. HP: 22/25 MP: 0/0
   970 | D:1      | Learned a level 1 spell: Sandblast
  1499 | D:2      | Found a runed translucent door.
  1500 | D:2      | Noticed Crazy Yiuf
  1535 | D:2      | Killed Crazy Yiuf
  1536 | D:2      | Reached XP level 4. HP: 10/31 MP: 0/0
  2029 | D:2      | Noticed Robin
  2044 | D:1      | Killed Robin
  2304 | D:2      | Reached skill level 4 in Spellcasting
  2690 | D:3      | Reached XP level 5. HP: 33/35 MP: 0/0
  2690 | D:3      | Learned a level 2 spell: Slow
  2714 | D:3      | Noticed Ijyb
  2726 | D:3      | Killed Ijyb
  2731 | D:3      | Noticed a water moccasin
  2738 | D:3      | Killed a water moccasin
  2739 | D:3      | Reached skill level 5 in Spellcasting
  2739 | D:3      | Reached XP level 6. HP: 24/40 MP: 0/0
  3011 | D:3      | Found an iron altar of Okawaru.
  3464 | D:3      | Found a faded altar of an unknown god.
  3569 | D:3      | Reached XP level 7. HP: 37/45 MP: 0/0
  3569 | D:3      | Learned a level 3 spell: Dazzling Flash
  3625 | D:3      | Found a white marble altar of Elyvilon.
  3892 | D:4      | Reached skill level 6 in Spellcasting
  4086 | D:4      | You are sucked into a shaft and drop 1 floor!
  4086 | D:5      | Entered Level 5 of the Dungeon
  4132 | D:5      | Found a burning altar of Makhleb.
  4323 | D:5      | Reached XP level 8. HP: 45/50 MP: 0/0
  4428 | D:4      | Found a shadowy altar of Dithmenos.
  4629 | D:4      | Found a runed translucent gate.
  4629 | D:4      | Found a runed translucent gate.
  4631 | D:4      | Found a runed translucent gate.
  4635 | D:4      | Noticed Nausicaa's ghost (amateur MiBe)
  4779 | D:4      | Found a staircase to the Ecumenical Temple.
  4788 | Temple   | Entered the Ecumenical Temple
  4796 | Temple   | Became a worshipper of Ashenzari the Shackled
  5119 | D:5      | Reached skill level 7 in Spellcasting
  5645 | D:5      | Identified a scroll of acquirement
  5655 | D:5      | Acquired 798 gold pieces
  6334 | D:6      | Reached skill level 8 in Spellcasting
  6459 | D:6      | Reached XP level 9. HP: 15/55 MP: 0/0
  6459 | D:6      | Learned a level 3 spell: Mephitic Cloud
  6758 | D:6      | Noticed Sigmund
  6768 | D:6      | Killed Sigmund
  6769 | D:6      | Reached skill level 9 in Spellcasting
  7529 | D:6      | Found Ratef's Assorted Antiques.
  8145 | D:7      | Reached skill level 10 in Spellcasting
  8469 | D:7      | Reached XP level 10. HP: 58/60 MP: 0/0
  9662 | D:7      | Noticed Harold
  9674 | D:7      | Killed Harold
  9675 | D:7      | Reached skill level 11 in Spellcasting
 10486 | D:6      | Reached * piety under Ashenzari
 11272 | D:8      | Identified the +0 pair of gloves of the Solstice {+Blink
                  | Slay+4}
 11668 | D:8      | Found a bloodstained altar of Trog.
 11700 | D:8      | Reached ** piety under Ashenzari
 12112 | D:9      | Reached skill level 12 in Spellcasting
 12246 | D:9      | Reached skill level 1 in Long Blades
 12246 | D:9      | Reached XP level 11. HP: 48/66 MP: 0/0
 12246 | D:9      | Learned a level 5 spell: Irradiate
 12250 | D:9      | Reached skill level 1 in Fighting
 12745 | D:9      | Noticed a two-headed ogre
 12750 | D:9      | Killed a two-headed ogre
 13066 | D:9      | Noticed a wolf spider
 13075 | D:9      | Killed a wolf spider
 13853 | D:6      | Bought a brass ring for 120 gold pieces
 13854 | D:6      | Reached *** piety under Ashenzari
 14016 | D:9      | Found a snail-covered altar of Cheibriados.
 14167 | D:9      | Reached skill level 5 in Long Blades
 14328 | D:10     | Entered Level 10 of the Dungeon
 14844 | D:10     | Noticed a brown ugly thing
 14849 | D:10     | Killed a brown ugly thing
 15149 | D:10     | Found an opulent altar of Gozag.
 15169 | D:10     | Found a staircase to the Orcish Mines.
 15304 | D:10     | Noticed a two-headed ogre
 15317 | D:10     | Killed a two-headed ogre
 15756 | D:11     | Noticed a boulder beetle
 15827 | Orc:1    | Entered Level 1 of the Orcish Mines
 15852 | Orc:1    | Noticed an orc knight
 15855 | Orc:1    | Reached XP level 12. HP: 73/84 MP: 0/0
 15880 | Orc:1    | Reached skill level 5 in Fighting
 16047 | Orc:1    | Noticed an orc warlord
 16388 | Orc:1    | Found a dark tunnel.
 16397 | Volcano  | Entered a volcano
 16534 | Volcano  | Reached **** piety under Ashenzari
 16960 | Volcano  | Noticed a sun demon
 17160 | Volcano  | Found a burning altar of Makhleb.
 17176 | Volcano  | Killed a sun demon
 17177 | Volcano  | Reached skill level 1 in Armour
 17177 | Volcano  | Reached skill level 1 in Shields
 18215 | Orc:1    | Killed an orc warlord
 18366 | Orc:1    | Noticed an orc warlord
 18426 | Orc:1    | HP: 2/88 [orc[an orc warlord] (4)]
 18440 | Orc:1    | Slain by an orc

Illustrated notes

Levels and vault maps discovered:
D:1:      sevenhm_arrival_forest_fort_large_2, layout_rooms,
          roderic_roman_lattice
D:2:      minmay_wonky_spiral, layout_loops_ring, uniq_crazy_yiuf_cottage,
          uniq_robin
D:3:      layout_rooms, elyvilon_altar_5, mainiacjoe_overflow_24_doors,
          shapermc_ecumenical_altar_ellora, uniq_ijyb
D:4:      layout_gridville, grunt_dithmenos_smoke_and_mirrors,
          minmay_temple_entry_butterflies, gammafunk_ghost_necromancy,
          serial_glass, glass_columns_c, glass_columns_c,
          kennysheep_generic_room_16
D:5:      layout_loops_corners, mainiacjoe_overflow_small_starburst
D:6:      layout_loops_ring, serial_shops, kennysheep_mini,
          eino_small_chamber_without_monster, uniq_sigmund
D:7:      layout_layer_cave, serial_glass, glass_columns_a, glass_columns_b,
          minmay_ruffians, uniq_harold
D:8:      layout_loops_ring, old_standard_altar, st_stairs_1,
          skrybe_limestone_x, nicolae_straight_to_the_point
D:9:      layout_basic, kennysheep_slug_shrine, onia_ninara_cookie
D:10:     layout_roguey, mainiacjoe_overflow_brackets, orc_0_dummy,
          kennysheep_generic_room_11
D:11:     minmay_the_grid_plus [minmay_the_grid_gridbox,
          minmay_the_grid_aliased_spiral, minmay_the_grid_outer_diamond,
          minmay_the_grid_x, minmay_the_grid_prize_four_corners],
          layout_stronghold, lair_entry_dummy
Temple:   eino_wide_crystal_templ
Orc:1:    layout_caves, nicolae_volcano_entry_vermiform,
          ebering_ghost_disaster_area, basic_altar, mines2_david

Skill      XL: |  1  2  3  4  5  6  7  8  9 10 11 12 |
---------------+-------------------------------------+-----
Spellcasting   | 3 4 5 6 8 10 12 | 12.7
Long Blades    | 1 6 8 |  8.1
Fighting       | 4 6 |  6.0
Armour         | 2 |  2.6
Shields        | 2 |  2.6
Dodging        | 3 |  3.7
Stealth        | |  1.5

Action                   |  1- 3 |  4- 6 |  7- 9 | 10-12 || total
-------------------------+-------+-------+-------+-------++-------
Melee: Club              |     1 |       |       |       ||     1
       Unarmed           |     1 |       |       |       ||     1
       Dagger            |     2 |       |       |       ||     2
       Quarterstaff      |       |    24 |    63 |    13 ||   100
       Long sword        |       |       |       |     9 ||     9
       Demon blade       |       |       |       |    50 ||    50
       Punch             |       |       |       |     1 ||     1
 Cast: Foxfire           |    53 |    92 |   162 |    32 ||   339
       Sandblast         |     5 |       |       |       ||     5
       Sticky Flame      |       |       |    13 |    26 ||    39
       Fireball          |       |       |     6 |   141 ||   147
       Mephitic Cloud    |       |       |     5 |    13 ||    18
       Irradiate         |       |       |       |     7 ||     7
Invok: Curse Item        |       |       |       |     6 ||     6
Evoke: Wand              |       |       |       |     7 ||     7
  Use: Scroll            |       |       |     1 |     5 ||     6
       Potion            |       |       |     1 |     1 ||     2
 Stab: Sleeping          |     1 |       |     1 |     2 ||     4
       Confused          |       |       |     2 |     3 ||     5
       Paralysed         |       |       |       |     1 ||     1
Armor: Robe              |     3 |     2 |    35 |    17 ||    57
Dodge: Dodged            |     6 |     6 |    33 |    67 ||   112
       Rpst.: Long sword |       |       |       |     3 ||     3
       Demon blade       |       |       |       |     9 ||     9

Table legend: (Time is in decaauts)
 A = Elapsed time spent in this place.
 B = Non-inter-level travel time spent in this place.
 C = Inter-level travel time spent in this place.
 D = Time resting spent in this place.
 E = Time spent auto-exploring this place.
 F = Levels seen in this place.
 G = Mean time per level.
                   A        B        C        D        E       F      G
               +--------+--------+--------+--------+--------+-----+--------+
         Total |  18465 |  17749 |    716 |   5653 |   9551 |  14 | 1318.9 |
       Dungeon |  16114 |  15404 |    710 |   4547 |   8990 |  11 | 1464.9 |
        Temple |     15 |      9 |      6 |      0 |      2 |   1 |   15.0 |
  Orcish Mines |    923 |    923 |      0 |    287 |    341 |   1 |  923.0 |
       Volcano |   1411 |   1411 |      0 |    819 |    218 |   1 | 1411.0 |
               +--------+--------+--------+--------+--------+-----+--------+

Top non-repeatable levels by time:
     D:9: 2352 daAuts
     D:7: 2339 daAuts
     D:6: 2097 daAuts
     D:5: 1607 daAuts
     D:8: 1565 daAuts
    D:10: 1506 daAuts
     D:1: 1454 daAuts
 Volcano: 1411 daAuts
     D:2: 1234 daAuts
     D:3: 1127 daAuts
   Orc:1: 923 daAuts
     D:4: 828 daAuts
  Temple: 15 daAuts
    D:11: 1 daAuts
